AoeStats
← KIM JONG UN

Arena

507721667Analyzed
4v4 RM · 14d ago on Sep 19, 2026· 35m 26s· 8 players
Game mode
Random Map
Map size
Large (8 player)
Population
200
Speed
Normal
Resources
Standard
Victory
Conquest
Starting age
Dark Age
Ending age
Imperial Age
RankedLock teamsTeams togetherTeam positionsShared explorationLock speedFull tech treeHidden civsTurbo modeCheats
Victory
Defeat
🇸🇪 Bohemians · Sweden
1253
+11
🇨🇳 Huns · China
1246
+11
🇲🇦 Turks · Morocco
1209
+13
🇩🇪 Koreans · Germany
1196
+13
🇦🇺 Bohemians · Australia
1181
-13
🇨🇳 Cumans · China
1146
-12
🇰🇷 Spanish · South Korea
1131
-12
🇹🇼 Franks · Taiwan
1101
-11
BondTrustee
10:57 Feudal Age
11:57 Double-Bit Axe
14:57 Castle Age
12:44 Horse Collar
16:06 Bow Saw
19:46 Wheelbarrow
21:33 Fletching
22:38 Bodkin Arrow
23:23 Scale Mail Armor
24:03 Forging
25:17 Pikeman
25:57 Squires
26:56 Arson
27:28 Chain Mail Armor
27:59 Gold Mining
31:54 Imperial Age
29:21 Gambesons
30:50 Iron Casting
31:57 Elite Fire Lancer
32:55 Hand Cart
32:59 Scale Barding Armor
33:27 Plate Mail Armor
33:57 Bracer
35:09 Conscription
34:57 Eupseong
KiNtO
11:42 Feudal Age
13:09 Gold Mining
16:55 Castle Age
15:11 Double-Bit Axe
21:44 Imperial Age
20:19 Gold Shaft Mining
27:47 Wheelbarrow
34:09 Horse Collar
Revenant
10:51 Feudal Age
12:14 Double-Bit Axe
14:41 Castle Age
13:14 Horse Collar
16:19 Bow Saw
21:36 Wheelbarrow
21:34 Stone Mining
22:20 Heavy Plow
23:50 Hand Cart
23:35 Gold Mining
23:42 Loom
25:40 Scale Barding Armor
25:46 Forging
26:15 Gold Shaft Mining
28:59 Imperial Age
27:15 Chain Barding Armor
27:38 Marauders
28:34 Iron Casting
28:54 Husbandry
29:05 Bloodlines
29:00 Elite Tarkan
30:01 Conscription
30:50 Blast Furnace
30:26 Plate Barding Armor
34:58 Cavalier
scarabe
11:19 Feudal Age
15:52 Castle Age
15:33 Loom
16:51 Double-Bit Axe
17:07 Horse Collar
20:16 Fervor
24:42 Imperial Age
24:10 Town Watch
24:19 Fletching
26:27 Chemistry
28:04 Pikeman
31:53 Block Printing
34:03 Halberdier
KIM JONG UN
11:19 Feudal Age
15:25 Castle Age
13:56 Stone Mining
14:24 Double-Bit Axe
15:25 Horse Collar
16:06 Fletching
22:40 Wheelbarrow
24:54 Bloodlines
25:17 Hand Cart
26:42 Husbandry
30:32 Imperial Age
28:04 Heavy Plow
28:19 Gold Mining
28:35 Bodkin Arrow
28:42 Padded Archer Armor
28:29 Elite Skirmisher
34:09 Bow Saw
清纯帝
10:17 Feudal Age
12:07 Double-Bit Axe
19:56 Wheelbarrow
20:15 Forging
19:47 Horse Collar
20:04 Gold Mining
20:04 Stone Mining
23:01 Castle Age
23:14 Capped Ram
28:21 Imperial Age
27:18 Fletching
27:29 Padded Archer Armor
27:53 Heavy Plow
28:03 Bow Saw
31:51 Bodkin Arrow
32:12 Leather Archer Armor
32:27 Thumb Ring
31:43 Elite Skirmisher
33:47 Parthian Tactics
33:09 Pikeman
34:06 Halberdier
35:16 Conscription
帝国大仲马
9:20 Loom
11:07 Feudal Age
15:12 Castle Age
14:03 Horse Collar
14:11 Double-Bit Axe
15:23 Loom
24:26 Wheelbarrow
28:17 Imperial Age
28:33 Chemistry
29:44 Hand Cart
32:21 Ballistics
34:34 Pikeman
ecat1225
8:54 Loom
10:39 Feudal Age
15:11 Castle Age
14:50 Double-Bit Axe
23:36 Wheelbarrow
23:59 Gold Mining
24:27 Bow Saw
24:51 Husbandry
26:42 Hand Cart
30:16 Imperial Age
28:09 Ballistics
28:40 Gold Shaft Mining
27:58 Stone Mining
28:01 Town Watch
28:34 Forging
31:08 Fortified Wall
31:35 Iron Casting
31:06 Scale Barding Armor
31:20 Scale Barding Armor
30:40 Pikeman
31:17 Cavalier
32:57 Chain Barding Armor
33:37 Blast Furnace
Connection lost

Rejoining the realm…

Still unreachable

The connection could not be restored.

Session expired

The server has moved on; the page needs a fresh start.